 Dungeon Crawl Stone Soup version 0.27-a0-1502-g47ed6a6988 (webtiles) character file.

Game seed: 7178030208680576626

328 mdonais the Conjurer (level 6, -5/39 HPs)
             Began as an Octopode Wanderer on July 8, 2021.
             Slain by a mummy (18 damage)
             ... in an ossuary on July 9, 2021.
             The game lasted 00:21:56 (4932 turns).

mdonais the Conjurer (Octopode Wanderer)            Turns: 4932, Time: 00:21:56

Health: -5/39      AC:  1    Str: 10    XL:     6   Next: 50%
Magic:  9/10       EV: 12    Int: 17    God:
Gold:   78         SH:  0    Dex: 12    Spells: 4/10 levels left

rFire    . . .     SeeInvis .   a - +0 dagger
rCold    . . .     Faith    .   (no shield)
rNeg     . . .     Spirit   .   (helmet restricted)
rPois    .         Reflect  .   (no amulet)
rElec    .         Harm     .   (no ring)
rCorr    .         Rampage  .   (no ring)
Will     .....                  (no ring)
Stlth    ++........             (no ring)
HPRegen  0.13/turn              (no ring)
MPRegen  0.12/turn              (no ring)
                                (no ring)
                                (no ring)

@: confused, mighty, ambrosia-drunk, on berserk cooldown, hasted and slowed
A: almost no armour, amphibious, 8 rings, camouflage 1, gelatinous body 1,
(nimble swimmer 1), tentacles
a: no special abilities


You were in an ossuary.
You visited 1 branch of the dungeon, and saw 4 of its levels.
You also visited: Ossuary.

You collected 98 gold pieces.
You spent 20 gold pieces at shops.

Inventory:

Hand Weapons
 a - a +0 dagger (weapon)
 i - a +0 quarterstaff
   (You found it on level 2 of the Dungeon)
Missiles
 c - 45 sling bullets
 d - 39 stones
 e - 12 bolts
 g - 72 arrows
 j - 35 poisoned darts
Wands
 I - a wand of iceblast (6)
   (You found it on level 2 of the Dungeon)
 P - a wand of paralysis (10) (quivered)
   (You found it on level 2 of the Dungeon)
Scrolls
 h - a scroll of enchant weapon
 l - 3 scrolls of immolation
Potions
 f - a potion of berserk rage
 H - a potion of haste


   Skills:
 + Level 2.0 Fighting
 - Level 1.0 Throwing
 + Level 0.1 Dodging
 - Level 2.3 Stealth
 + Level 2.8 Spellcasting
 + Level 4.6 Conjurations
 - Level 3.0 Hexes
 - Level 1.0 Transmutations
 - Level 2.0 Air Magic
 - Level 2.1 Poison Magic


You had 4 spell levels left.
You knew the following spells:

 Your Spells              Type           Power      Damage    Failure   Level
a - Sting                 Tmut/Pois      28%        1d4       10%         1
b - Magic Dart            Conj           72%        1d6       2%          1
c - Searing Ray           Conj           36%        3d4       4%          2
d - Blink                 Tloc           N/A        N/A       26%         2

Your spell library contained the following spells:

 Spells                   Type           Power      Damage    Failure   Level
 Slow                     Hex            12%        N/A       8%          2
 Mephitic Cloud           Conj/Pois/Air  12%        N/A       16%         3
 Apportation              Tloc           4%         N/A       19%         1
 Wereblood                Tmut           5%         N/A       19%         2
 Conjure Flame            Conj/Fire      10%        6-21      21%         3
 Call Imp                 Summ           2%         N/A       26%         2
 Sublimation of Blood     Necr           1%         N/A       26%         2
 Portal Projectile        Hex/Tloc       14%        N/A       28%         3
 Fulminant Prism          Conj/Hex       7%         3d7       36%         4
 Summon Hydra             Summ           1%         N/A       100%        7


Dungeon Overview and Level Annotations

Branches:
Dungeon (4/15)            Ossuary (1/1)
 Temple: D:4-7

Altars:

Shops:
D:2 (   D:3 ?


Innate Abilities, Weirdness & Mutations

You cannot wear most types of armour.
You are amphibious.
You can wear up to eight rings at the same time.
Your skin changes colour to match your surroundings (Stealth+).
Your rubbery body absorbs attacks. (AC +1, EV +1)
((You are camouflaged near water. (Stealth+)))
You have tentacles for arms and can constrict up to eight enemies at once.


Message History

Aim: a mummy (almost destroyed, 89% to hit)
The searing ray hits the mummy!
You destroy the mummy! (Press . to maintain the ray.)
You now have 2/8 mp.
You start resting.
A mummy comes into view.
A mummy is nearby!
Casting: Searing Ray (safe; 6% risk of failure)
Confirm with . or Enter, or press ? or * to list all spells.
Aiming: Searing Ray (safe; 6% risk of failure)
Press: ? - help, Shift-Dir - straight line, f - mummy
Aim: a mummy (wandering, hasn't noticed you, 89% to hit)
The searing ray hits the mummy!
The mummy is moderately damaged. (Press . to maintain the ray.)
You now have 2/8 mp.
The searing ray hits the mummy.
The mummy is heavily damaged.
You now have 1/8 mp.
The searing ray hits the mummy.
The mummy is severely damaged.
A wyvern zombie comes into view.
You now have 0/8 mp.
Without enough magic to sustain it, your searing ray dissipates.
It was a potion of berserk rage.
A red film seems to cover your vision as you go berserk!
You feel yourself moving faster!
You feel mighty!
A bullfrog zombie comes into view.
You now have 51/51 hp.
You barely miss the mummy. Your grab misses the mummy.
The mummy is severely damaged.
The wyvern zombie bites you.
You take 1 damage, and have 50/51 hp.
You barely miss the mummy. You grab the mummy.
The mummy is severely damaged.
You constrict the mummy. The wyvern zombie closely misses you.
The mummy closely misses you.
You puncture the mummy!
You destroy the mummy!
The wyvern zombie bites you.
You take 3 damage, and have 47/51 hp.
You hit the wyvern zombie. Your squeeze misses the wyvern zombie.
The wyvern zombie is lightly damaged.
The wyvern zombie barely misses you.
You barely miss the bullfrog zombie. You grab the bullfrog zombie.
You squeeze the bullfrog zombie.
The bullfrog zombie is lightly damaged.
You constrict the bullfrog zombie. The bullfrog zombie hits you.
The wyvern zombie barely misses you.
You take 5 damage, and have 42/51 hp.
You hit the wyvern zombie.
The wyvern zombie is lightly damaged.
You constrict the bullfrog zombie. The bullfrog zombie hits you.
The wyvern zombie completely misses you.
You take 6 damage, and have 36/51 hp.
You hit the wyvern zombie.
The wyvern zombie is moderately damaged.
You constrict the bullfrog zombie.
The bullfrog zombie hits you but does no damage.
The wyvern zombie bites you!
You take 15 damage, and have 21/51 hp.
MASSIVE DAMAGE!!
You puncture the wyvern zombie! You squeeze the wyvern zombie!
The wyvern zombie is severely damaged.
You constrict the bullfrog zombie. The bullfrog zombie hits you.
* * * LOW HITPOINT WARNING * * *
You take 6 damage, and have 15/51 hp.
You hit the wyvern zombie.
The wyvern zombie is severely damaged.
You constrict the bullfrog zombie. The wyvern zombie closely misses you.
You puncture the wyvern zombie!
You destroy the wyvern zombie!
You constrict the bullfrog zombie. The bullfrog zombie closely misses you.
You have reached level 6!
Your experience leads to an increase in your attributes!
Increase (S)trength, (I)ntelligence, or (D)exterity?
You feel clever.
You regained 2 hp, and now have 18/58 hp.
You puncture the bullfrog zombie!
The bullfrog zombie is severely damaged.
You constrict the bullfrog zombie. The bullfrog zombie hits you.
* * * LOW HITPOINT WARNING * * *
You take 5 damage, and have 13/58 hp.
You puncture the bullfrog zombie!
You destroy the bullfrog zombie!
Unknown command.
You start resting.
You feel a strong urge to attack something.
Unknown command.
You start resting.
You are no longer berserk.
You are exhausted.
You feel yourself slow down.
You now have 9/39 hp.
You start resting.
A mummy comes into view.
You regained 2 hp, and now have 11/39 hp.
You regained 2 mp, and now have 3/10 mp.
A mummy is nearby!
Unknown command.
Casting: Searing Ray (safe; 4% risk of failure)
Confirm with . or Enter, or press ? or * to list all spells.
Aiming: Searing Ray (safe; 4% risk of failure)
Press: ? - help, Shift-Dir - straight line, f - mummy
Aim: a mummy (wandering, hasn't noticed you, 89% to hit)
The searing ray hits the mummy.
The mummy is moderately damaged. (Press . to maintain the ray.)
You now have 1/10 mp.
The searing ray hits the mummy.
The mummy is heavily damaged.
You now have 0/10 mp.
Without enough magic to sustain it, your searing ray dissipates.
You hit the mummy. You grab the mummy.
The mummy is severely damaged.
You constrict the mummy. The mummy closely misses you.
You hit the mummy.
The mummy is almost destroyed.
You constrict the mummy. The mummy hits you!
* * * LOW HITPOINT WARNING * * *
You take 10 damage, and have 1/39 hp.
MASSIVE DAMAGE!!
You hit the mummy.
You destroy the mummy!
You start resting.
A centaur zombie comes into view.
A centaur zombie is nearby!
A mummy comes into view.
There's a creature in the doorway!
You feel better.
You regained 8 hp, and now have 10/39 hp.
It was a potion of haste.
You feel yourself speed up.
H - a potion of haste The mummy hits you.
* * * LOW HITPOINT WARNING * * *
You take 5 damage, and have 5/39 hp.
Okay, then.
You feel better. The centaur zombie barely misses you.
The centaur zombie kicks you. The mummy barely misses you.
You regained 9 hp, and now have 14/39 hp.
The centaur zombie hits you. The centaur zombie closely misses you.
You take 2 damage, and have 12/39 hp.
It was a potion of ambrosia.
You are confused.
You feel invigorated. The centaur zombie hits you.
The centaur zombie kicks you.
You regained 3 mp, and now have 5/10 mp.
It was a potion of might.
You feel very mighty all of a sudden. The centaur zombie hits you.
The centaur zombie kicks you. The mummy hits you!!
You die...

##### #∩.@#
#.MZ# #...#
##'##
..≈........'.#
≈#≈#'#+#+#+###
#


You could see a mummy and a centaur zombie.

Vanquished Creatures
  A wyvern zombie (Ossuary)
  A water moccasin skeleton (D:4)
  A bullfrog zombie (Ossuary)
  3 mummies (Ossuary)
  8 adders
  A dart slug (D:1)
  A worm (D:2)
  5 bats
  8 endoplasms
  2 giant cockroaches (D:1)
  5 goblins
  5 hobgoblins
  6 jackals
  4 quokkas
  11 ball pythons
  3 frilled lizards
  2 kobolds
  7 rats
74 creatures vanquished.

Vanquished Creatures (others)
  4 withered plants (Ossuary)
4 creatures vanquished.

Grand Total: 78 creatures vanquished

Notes
Turn   | Place    | Note
-------+----------+-------------------------------------------
     0 | D:1      | mdonais the Octopode Wanderer began the quest for the Orb.
     0 | D:1      | mdonais set off with the following items: a +0 dagger; and
                  | the following spells available to memorise: Slow, Sting,
                  | Apportation, Magic Dart, Blink, Call Imp, Portal
                  | Projectile, Mephitic Cloud, Conjure Flame
     0 | D:1      | Reached XP level 1. HP: 11/11 MP: 3/3
     2 | D:1      | Learned a level 1 spell: Sting
     4 | D:1      | Learned a level 1 spell: Magic Dart
   275 | D:1      | Reached XP level 2. HP: 11/17 MP: 1/5
  1139 | D:1      | Reached XP level 3. HP: 22/22 MP: 6/6
  1319 | D:1      | Reached skill level 1 in Transmutations
  1368 | D:1      | Reached skill level 1 in Conjurations
  1539 | D:2      | Learned a level 2 spell: Searing Ray
  1542 | D:2      | Learned a level 2 spell: Blink
  1570 | D:2      | Reached skill level 1 in Fighting
  2162 | D:2      | Found Ripemienk's Weapon Shop.
  2223 | D:2      | Found a faded altar of an unknown god.
  2261 | D:2      | Reached XP level 4. HP: 28/28 MP: 1/7
  2877 | D:2      | Reached skill level 2 in Conjurations
  3584 | D:2      | Reached skill level 3 in Conjurations
  3584 | D:2      | Reached XP level 5. HP: 34/34 MP: 2/8
  3896 | D:3      | Found Elysied's Magic Scroll Emporium.
  4519 | D:3      | Bought a scroll of identify for 20 gold pieces
  4613 | D:4      | Reached skill level 4 in Conjurations
  4719 | D:4      | Found a sand-covered staircase.
  4867 | Ossuary  | Entered an ossuary
  4903 | Ossuary  | Reached XP level 6. HP: 18/39 MP: 1/10
  4921 | Ossuary  | HP: 1/39 [mummy (11)]
  4932 | Ossuary  | Slain by a mummy

Illustrated notes

Levels and vault maps discovered:
D:1:      psy_arrival_terrarium, layout_loops_ring, st_stairs_2,
          minmay_hexomino_c4
D:2:      layout_loops_ring, hellmonk_ecumenical_altar_blasted, serial_shops,
          shop, minmay_snake_closets
D:3:      layout_loops_corners, serial_shops, shop_statue
D:4:      layout_loops_corners, minitemple, minmay_temple_entry_sparse_star,
          serial_shops, shop, chequers_ossuary_entry_cave, hangedman_decor_push,
          uniq_ijyb
Ossuary:  ossuary_zaba_flooded

Skill      XL: |  1  2  3  4  5 |
---------------+----------------+-----
Poison Magic   | 2 |  2.1
Stealth        | 2 |  2.3
Transmutations | 1 |  1.0
Conjurations   | 1 3 4 |  4.6
Fighting       | 1 2 |  2.0
Throwing       | |  1.0
Dodging        | |  0.1
Spellcasting   | |  2.8
Hexes          | |  3.0
Air Magic      | |  2.0

Action                   |  1- 3 |  4- 6 || total
-------------------------+-------+-------++-------
Melee: Dagger            |    64 |    38 ||   102
       Constrict         |    15 |     7 ||    22
       Tentacles         |     6 |     2 ||     8
 Cast: Magic Dart        |    48 |    14 ||    62
       Sting             |    24 |     4 ||    28
       Searing Ray       |     1 |    22 ||    23
  Use: Scroll            |       |     3 ||     3
       Potion            |       |     7 ||     7
 Stab: Sleeping          |     8 |     3 ||    11
Armor: Skin              |     7 |     5 ||    12
Dodge: Dodged            |    31 |    27 ||    58

Table legend: (Time is in decaauts)
 A = Elapsed time spent in this place.
 B = Non-inter-level travel time spent in this place.
 C = Inter-level travel time spent in this place.
 D = Time resting spent in this place.
 E = Time spent auto-exploring this place.
 F = Levels seen in this place.
 G = Mean time per level.
                   A        B        C        D        E       F      G
               +--------+--------+--------+--------+--------+-----+--------+
         Total |   4938 |   4765 |    173 |   2482 |   1654 |   5 |  987.6 |
       Dungeon |   4868 |   4695 |    173 |   2457 |   1654 |   4 | 1217.0 |
       Ossuary |     70 |     70 |      0 |     25 |      0 |   1 |   70.0 |
               +--------+--------+--------+--------+--------+-----+--------+

Top non-repeatable levels by time:
     D:2: 2037 daAuts
     D:1: 1702 daAuts
     D:3: 867 daAuts
     D:4: 260 daAuts
 Ossuary: 70 daAuts
